[Event "*** Titled Tuesday Blitz"]
[Site "Chess.com"]
[Date "2021.04.06"]
[Round "2"]
[White "NicoChasin"]
[Black "Lenyas66"]
[Result "0-1"]
[WhiteElo "2727"]
[BlackElo "2524"]
[TimeControl "180+1"]
[EndTime "10:18:31 PDT"]
[Termination "Lenyas66 won by resignation"]

1. e4 c5 2. Nf3 Nc6 3. Bb5 Nd4 4. Nxd4 cxd4 5. c3 Qb6 6. Bc4 Nf6 7. e5 d5 8. Bb3 Ng4 9. Ba4+ Kd8 10. Qe2 d3 11.
Qf3 Be6 12. Qg3 h5 13. h3 h4 14. Qf4 g5 15. Qd4 Qxd4 16. cxd4 Nh6 17. Bb5 Nf5 18. Bxd3 Nxd4 19. Nc3 Bg7 20. O-O Bxe5 21. Re1 Bf6 22.
b3 a6 23. Bb2 Rc8 24. Rac1 b5 25. Ba3 Kd7 26. f3 Nc6 27. Bc5 Bd4+ 28. Bxd4 Nxd4 29. Kf2 Rc7 30. a4 b4 31. Ne2 Nxe2 32. Rxc7+ Kxc7 33.
Bxe2 a5 34. Rc1+ Kd6 35. Bb5 Rc8 36. Rxc8 Bxc8 37. Ke3 e5 38. d4 f5 39. dxe5+ Kxe5 40. Bd3 f4+ 41. Kd2 Kd4 42. Bg6 Ba6 43. Bf5 Bf1 44. Bg4 Bxg2 45. Ke2 Kc3 46. Kf2 d4 47. Kxg2 d3 48. Bf5 d2 0-1

[Event "*** Titled Tuesday Blitz"]
[Site "Chess.com"]
[Date "2021.04.06"]
[Round "2"]
[White "Savagelittlemole"]
[Black "AAponteR"]
[Result "1-0"]
[WhiteElo "2500"]
[BlackElo "2141"]
[TimeControl "180+1"]
[EndTime "10:18:31 PDT"]
[Termination "Savagelittlemole won on time"]

1. e4 c5 2. Ne2 Nc6 3. g3 g6 4. Bg2 Bg7 5. O-O d6 6. c3 e5 7.
d3 Nge7 8. f4 O-O 9. h3 f5 10.
Nd2 Rb8 11. Kh2 Kh8 12. exf5 Bxf5 13. Ne4 b5 14. fxe5 Nxe5 15. Bg5 h6 16. Be3 b4 17.
Qd2 Kh7 18. g4 Be6 19. N2g3 bxc3 20. bxc3 Nd5 21. Rxf8 Qxf8 22. Rf1 Qe7 23. Bg1 Bxg4 24. c4 Nb4 25. Be3 Nbxd3 26. hxg4 Nxg4+ 27. Kg1 Qh4 28. Bf3 Rb2 29. Qxb2 Nxb2 30. Bxg4 Qxg4 31. Rf7 Nxc4 32. Nf6+ Kh8 33. Nxg4 1-0

[Event "*** Titled Tuesday Blitz"]
[Site "Chess.com"]
[Date "2021.04.06"]
[Round "2"]
[White "Mikhal867"]
[Black "bylavochka"]
[Result "1-0"]
[WhiteElo "2450"]
[BlackElo "2227"]
[TimeControl "180+1"]
[EndTime "10:18:31 PDT"]
[Termination "Mikhal867 won on time"]

1. e4 c5 2. Nf3 d6 3. Bb5+ Bd7 4. a4 Nc6 5. O-O Nf6 6. Re1 e6 7. Nc3 Be7 8. d4 cxd4 9. Nxd4 a6 10. Nxc6 bxc6 11.
Bd3 a5 12. e5 Nd5 13. Qg4 g6 14. Bh6 Nxc3 15. bxc3 d5 16. Bg7 Rg8 17. Bh6 c5 18. Bb5 c4 19. Rab1 Bc5 20. Bxd7+ Qxd7 21. Rb5 Qa7 22.
Be3 Bxe3 23. Rxe3 Rb8 24. h4 Rxb5 25. axb5 Qc5 26. Re1 Qxb5 27. Qg5 h5 28. Ra1 a4 29. Qh6 Qa5 30. Ra3 Qb5 31. Kh2 Ke7 32. Qg5+ Ke8 33. Qe3 Qd7 34. Qc5 g5 35. Ra1 gxh4 36. Rb1 Qd8 37. Rb7 1-0

[Event "*** Titled Tuesday Blitz"]
[Site "Chess.com"]
[Date "2021.04.06"]
[Round "2"]
[White "MirMan90"]
[Black "erdni1993"]
[Result "1-0"]
[WhiteElo "2707"]
[BlackElo "2488"]
[TimeControl "180+1"]
[EndTime "10:18:33 PDT"]
[Termination "MirMan90 won by resignation"]

1. e4 c5 2. Nf3 e6 3. c3 Nf6 4. e5 Nd5 5. d4 cxd4 6. cxd4 d6 7. a3 Bd7 8. Bd3 Bc6 9. O-O Nd7 10. Bd2 Qc7 11.
Qe2 Be7 12. Nc3 Nxc3 13. Bxc3 O-O 14. Rfe1 dxe5 15. dxe5 Rfd8 16. h4 Nf8 17. h5 h6 18.
Nd4 a6 19. Nxc6 Qxc6 20. Be4 Qc7 21. Rac1 Rd7 22. Qf3 Rad8 23. g3 Qb6 24. Kg2 Bg5 25. Rcd1 Bd2 26. Bxd2 Rxd2 27. Rxd2 Rxd2 28. b4 a5 29. Rb1 axb4 30. Rxb4 Qc5 31. Rxb7 Rd7 32. Rb8 Qxe5 33. Ra8 Qd6 34. a4 Rd8 35. Bc2 e5 36. a5 Ne6 37. Rxd8+ Qxd8 38. a6 Nd4 39. Qe4 f5 40.
Qb7 Ne6 41. Bb3 1-0

[Event "*** Titled Tuesday Blitz"]
[Site "Chess.com"]
[Date "2021.04.06"]
[Round "2"]
[White "lrestevez"]
[Black "goofypenguin96"]
[Result "1-0"]
[WhiteElo "2137"]
[BlackElo "2383"]
[TimeControl "180+1"]
[EndTime "10:18:33 PDT"]
[Termination "lrestevez won by checkmate"]

1. e4 c5 2. Nf3 d6 3. d4 cxd4 4. c3 dxc3 5. Nxc3 Nc6 6. Bc4 Nf6 7. Bg5 e5 8. O-O Be7 9. h3 O-O 10. Qe2 a6 11. Rfd1 b5 12. Bb3 Bb7 13. Rd2 Qa5 14. Rad1 Rfd8 15. Bxf6 Bxf6 16. Rxd6 Rxd6 17. Rxd6 Qc7 18. Rd1 Nd4 19. Nxd4 exd4 20. Nd5 Bxd5 21. Bxd5 Rc8 22. Qh5 g6 23. Qf3 Kg7 24. g3 Qc2 25. Re1 Qd2 26. Rd1 Qg5 27. h4 Qe5 28.
Qb3 Rc7 29. f4 Qe7 30. e5 Bxh4 31. gxh4 Qxh4 32. Qd3 Qxf4 33. Qxd4 Qxd4+ 34. Rxd4 Rc1+ 35. Kg2 Rc2+ 36. Kf3 Rxb2 37. Bb3 Kf8 38. Rd7 Ke8 39. Ra7 a5 40. Bxf7+ Kf8 41. Ke4 Rd2 42. Bd5 a4 43. e6 Re2+ 44. Kd4 h5 45. Be4 h4 46. Ke5 h3 47. Kf6 Rf2+ 48. Kxg6 Rc2 49. e7+ Ke8 50.
Kf6 Rf2+ 51. Ke6 Re2 52. Ra8# 1-0

[Event "*** Titled Tuesday Blitz"]
[Site "Chess.com"]
[Date "2021.04.06"]
[Round "2"]
[White "Make_it_shine060"]
[Black "scarabee43"]
[Result "0-1"]
[WhiteElo "2209"]
[BlackElo "2604"]
[TimeControl "180+1"]
[EndTime "10:18:34 PDT"]
[Termination "scarabee43 won on time"]

1. d4 Nf6 2. c4 e6 3. Nf3 d5 4. Nc3 dxc4 5. a4 Bb4 6. Bg5 c5 7. dxc5 Qxd1+ 8. Rxd1 Na6 9. e3 Nxc5 10. Bxc4 h6 11. Bb5+ Ke7 12. Bf4 Nce4 13. O-O Bxc3 14. bxc3 Bd7 15. c4 a6 16. Bxd7 Nxd7 17. Nd2 Nec5 18.
a5 e5 19. Bg3 Rac8 20. Nf3 Ke6 21. Rd5 f6 22. Rfd1 Rhd8 23. Rd6+ Kf7 24. Kf1 Rc7 25. Ke2 Ne4 26. Bxe5 Nxd6 27. Bxd6 Rxc4 28. Nd4 Ne5 29. Ba3 Nc6 30. Nxc6 Rxd1 31. Kxd1 Rxc6 32. Kd2 Rc4 33. Kd3 Ra4 34. Bc5 Rxa5 35. Bd4 Ra2 36. e4 Ke6 0-1

[Event "*** Titled Tuesday Blitz"]
[Site "Chess.com"]
[Date "2021.04.06"]
[Round "2"]
[White "jamalm2"]
[Black "FoggyMorning"]
[Result "0-1"]
[WhiteElo "2021"]
[BlackElo "2595"]
[TimeControl "180+1"]
[EndTime "10:18:34 PDT"]
[Termination "FoggyMorning won on time"]

1. e4 c5 2. Nf3 d6 3. d4 cxd4 4. Nxd4 Nf6 5. Nc3 g6 6. Bc4 Bg7 7. Be3 Nc6 8. f3 O-O 9. Qd2 Bd7 10. Bb3 Rc8 11. O-O-O Ne5 12. Kb1 Nc4 13. Bxc4 Rxc4 14.
g4 b5 15. h4 h5 16. gxh5 Nxh5 17. Nd5 e6 18. Nc3 Qb8 19. Nb3 Be5 20. f4 Bxc3 21. bxc3 Rxe4 22. Qxd6 Rxe3 23. Qxd7 Qxf4 24. Qxa7 Rxc3 25.
Rdf1 Qe4 26. Rh2 Ng3 27. Rg1 Ne2 28. Rxe2 Qxe2 29. Rc1 Rfc8 30. Nd4 Qc4 31. h5 Qc5 32. Qd7 Qb4+ 33. Nb3 Qe4 34. hxg6 Qxg6 35. Qd4 Rxc2 36. Rg1 Rg2+ 0-1

[Event "*** Titled Tuesday Blitz"]
[Site "Chess.com"]
[Date "2021.04.06"]
[Round "2"]
[White "MartinHollan"]
[Black "kirillshevchenko"]
[Result "0-1"]
[WhiteElo "2528"]
[BlackElo "2826"]
[TimeControl "180+1"]
[EndTime "10:18:35 PDT"]
[Termination "kirillshevchenko won on time"]

1. d4 Nf6 2. c4 c5 3. d5 e6 4. Nc3 exd5 5. cxd5 d6 6. Nf3 g6 7. Bf4 a6 8. a4 Bg7 9. h3 O-O 10. e3 Re8 11. Nd2 Nfd7 12. Bxd6 Nb6 13. Bxc5 Nxd5 14. Nxd5 Qxd5 15. Ba3 Nc6 16. Nc4 Qg5 17. h4 Qf6 18. Qf3 Bf5 19. O-O-O b5 20. Rd6 Qe7 21. Rxg6 b4 22.
Rxg7+ Kxg7 23. Qxf5 bxa3 24. Bd3 axb2+ 25. Kb1 Qf6 26.
Qxh7+ Kf8 27. Rd1 Rad8 28. h5 Nb4 29. h6 Rd7 30. f4 Nd5 31. Ne5 Nc3+ 32. Kc2 Rc7 33.
Ng4 b1=Q+ 34. Rxb1 Nxb1+ 35. Kd1 Qa1 0-1

[Event "*** Titled Tuesday Blitz"]
[Site "Chess.com"]
[Date "2021.04.06"]
[Round "2"]
[White "FeketeBarika"]
[Black "anon481216"]
[Result "0-1"]
[WhiteElo "2279"]
[BlackElo "2513"]
[TimeControl "180+1"]
[EndTime "10:18:35 PDT"]
[Termination "anon481216 won by checkmate"]

1. Nf3 c5 2. g3 Nc6 3. Bg2 g6 4. O-O Bg7 5. c4 e5 6. Nc3 d6 7. d3 Nge7 8. Ne1 Be6 9. Nc2 d5 10. cxd5 Nxd5 11. Ne3 Nde7 12. a3 O-O 13. Rb1 a5 14.
Bd2 Rb8 15. Na4 b6 16. b4 cxb4 17. axb4 axb4 18. Bxb4 Nxb4 19. Rxb4 b5 20. Nc5 Bd5 21. Nxd5 Nxd5 22. Rb3 Qd6 23. Ne4 Qb6 24. Qb1 b4 25. Re1 Rfd8 26. Kf1 h6 27. h4 f5 28. Nd2 Nc3 29. Qc2 h5 30. Nc4 Qd4 31. Na5 Rdc8 32. Qb2 Rb6 33. Nc4 Ra6 34. Rxb4 Ra2 35. Qb3 Kh7 36.
Rb7 e4 37. Rxg7+ Kxg7 38. Qb7+ Kh6 39. Qxc8 exd3 40. exd3 Qxf2# 0-1

[Event "*** Titled Tuesday Blitz"]
[Site "Chess.com"]
[Date "2021.04.06"]
[Round "2"]
[White "Chandradi"]
[Black "catzapto"]
[Result "1-0"]
[WhiteElo "2387"]
[BlackElo "2060"]
[TimeControl "180+1"]
[EndTime "10:18:35 PDT"]
[Termination "Chandradi won by resignation"]

1. c4 Nf6 2. g3 g6 3. Bg2 Bg7 4. Nc3 O-O 5. Nf3 d6 6. d4 c5 7. O-O cxd4 8. Nxd4 a6 9. b3 Qc7 10. Bb2 Nc6 11. Nc2 Bd7 12. Rc1 Rad8 13. Ne3 h6 14.
Qd2 Kh7 15. Ncd5 Qb8 16. Nxf6+ Bxf6 17. Bxf6 exf6 18. Rfd1 Be6 19. Qb2 Kg7 20. Rd2 Ne5 21. Rcd1 b5 22. cxb5 axb5 23. h3 Qb6 24. Qd4 Qxd4 25.
Rxd4 f5 26. f4 Nd7 27. Rxd6 Kf6 28. Bc6 Ke7 29. Bxb5 Nf6 30. Rxd8 Rxd8 31. Rxd8 Kxd8 32. Nc4 Ne4 33. Kh2 Kc7 34. Ne5 Nc3 35. Bc4 Nxa2 36.
Nxf7 Bxc4 37. bxc4 Nc1 38. e3 Nd3 39. Nxh6 Nb2 40. Kg2 Nxc4 41. Kf3 Kd6 42. e4 fxe4+ 43. Kxe4 Ke6 44. g4 Nd6+ 45. Kf3 Kf6 46. h4 Ne8 47.
f5 gxf5 48. Nxf5 Nc7 49. Nd4 Nd5 50. Ke4 Ne7 51. Nf3 Nc6 52. Kf4 Ne7 53. g5+ Kg6 54. Kg4 Nd5 55. h5+ Kg7 56. Nh4 Ne7 57. Nf5+ Kf7 58.
Nxe7 Kxe7 59. Kf5 Kf7 60. g6+ Kg7 61. Kg5 Kh8 62. h6 Kg8 63. g7 Kh7 64. Kf6 Kg8 65.
h7+ Kxh7 66. Kf7 Kh6 67. g8=Q Kh5 68. Kf6 Kh4 69. Kf5 1-0

[Event "*** Titled Tuesday Blitz"]
[Site "Chess.com"]
[Date "2021.04.06"]
[Round "2"]
[White "Anton_Demchenko"]
[Black "IriBu"]
[Result "1-0"]
[WhiteElo "2890"]
[BlackElo "2558"]
[TimeControl "180+1"]
[EndTime "10:18:37 PDT"]
[Termination "Anton_Demchenko won on time"]

1. e4 c5 2. Nf3 d6 3. Bb5+ Nd7 4. d4 a6 5. Bxd7+ Bxd7 6. dxc5 dxc5 7. Qe2 Qc7 8. O-O e6 9. a4 b6 10. Nbd2 Be7 11.
Nc4 Nf6 12. Bg5 h6 13. Bh4 O-O 14. Bg3 Qb7 15. Nfd2 b5 16. axb5 axb5 17. Nd6 Qc6 18. e5 Bxd6 19. exf6 Bxg3 20. hxg3 g6 21. Rad1 Rfd8 22.
Nf3 Be8 23. Qe3 Kh7 24. Ne5 Qb7 25. Ng4 g5 26. Ne5 Bc6 27. f3 c4 28. Qc5 Be8 29. Kh2 Rd5 30. Qe3 Rad8 31. Qe4+ Kg8 32. Ng4 Rxd1 33. Nxh6+ Kf8 34. Qh7 1-0

[Event "*** Titled Tuesday Blitz"]
[Site "Chess.com"]
[Date "2021.04.06"]
[Round "2"]
[White "Fy_Rakotomaharo"]
[Black "Slovak_fighter2000"]
[Result "1/2-1/2"]
[WhiteElo "2689"]
[BlackElo "2493"]
[TimeControl "180+1"]
[EndTime "10:18:37 PDT"]
[Termination "Game drawn by agreement"]

1. d4 Nf6 2. g3 e6 3. Bg2 d5 4.
c4 Be7 5. Nf3 O-O 6. O-O dxc4 7.
Qc2 a6 8. a4 Bd7 9. Qxc4 Bc6 10. Bg5 Bd5 11. Qc1 c6 12. Nbd2 Bxf3 13. Nxf3 a5 14.
Rd1 Na6 15. Ne5 Nb4 16. e4 Nd7 17. Be3 Nxe5 18. dxe5 Qc7 19. Qc3 Rfd8 20. f4 Rxd1+ 21. Rxd1 Rd8 22. Rd2 Na6 23. Rxd8+ Qxd8 24. Bf3 Bb4 25.
Qc2 Qe7 26. Kg2 Bc5 27. Bd2 Nb4 28. Qd1 Qd7 29. Bc3 Qxd1 30. Bxd1 Kf8 31. f5 g6 32.
g4 b6 33. Kf3 Kg7 34. h4 h6 35. Ke2 Na2 36. Bb3 Nxc3+ 37. bxc3 gxf5 38. exf5 exf5 39. gxf5 f6 40. e6 Kf8 41. Bc4 Ke7 42. Ba6 Bd6 43. Kf3 Be5 44. c4 Bd4 45. Kg4 Bf2 46. Bb7 c5 47. Bg2 Be1 48. h5 Bd2 49. Kf3 Bg5 50. Ke4 Kd6 51. Bf1 Bh4 52. Kf3 Be1 53. Bd3 Bd2 54.
Ke4 Bg5 55. Bf1 Bh4 56. Kd3 Bg3 57. Bg2 Be5 58. Ke4 1/2-1/2

[Event "*** Titled Tuesday Blitz"]
[Site "Chess.com"]
[Date "2021.04.06"]
[Round "2"]
[White "Ermito2020"]
[Black "dmjjmd"]
[Result "1-0"]
[WhiteElo "2541"]
[BlackElo "2236"]
[TimeControl "180+1"]
[EndTime "10:18:40 PDT"]
[Termination "Ermito2020 won by checkmate"]

1. e4 e5 2. Nf3 Nc6 3. d4 exd4 4. Bc4 Nf6 5. O-O Nxe4 6. Re1 d5 7. Bxd5 Qxd5 8. Nc3 Qa5 9. Nxe4 Be6 10. Neg5 O-O-O 11. Nxe6 fxe6 12. Rxe6 Bd6 13. Bg5 Rde8 14. Qe2 Kd7 15. Rxe8 Rxe8 16. Qd3 h6 17. Bd2 Qd5 18. a3 Kc8 19. g3 Qe4 20. Qxe4 Rxe4 21. Re1 Rxe1+ 22.
Nxe1 Kd7 23. f4 Ke6 24. Kf2 Kd5 25. Kf3 Ne7 26. g4 c5 27. h4 c4 28. h5 b5 29. Ng2 Nc6 30. g5 Ne7 31. Nh4 c3 32. bxc3 Bxa3 33. cxd4 Kxd4 34. f5 Ng8 35. f6 gxf6 36.
gxh6 Nxh6 37. Bxh6 Kc3 38. Bg7 Kxc2 39. h6 b4 40. h7 b3 41. Bxf6 Bb2 42. Bxb2 Kxb2 43.
h8=Q+ Kb1 44. Qh7+ Kc1 45. Qc7+ Kd1 46. Qb7 Kc2 47.
Qxa7 b2 48. Qc5+ Kb1 49. Ke3 Ka2 50. Qa5+ Kb3 51. Qb5+ Ka2 52. Qa4+ Kb1 53. Kd3 Kc1 54. Qc2# 1-0

[Event "*** Titled Tuesday Blitz"]
[Site "Chess.com"]
[Date "2021.04.06"]
[Round "2"]
[White "HackingKid98"]
[Black "Grineva_Marianna"]
[Result "1-0"]
[WhiteElo "2459"]
[BlackElo "2237"]
[TimeControl "180+1"]
[EndTime "10:18:40 PDT"]
[Termination "HackingKid98 won by resignation"]

1. c4 e5 2. g3 d6 3. Bg2 Be7 4. Nf3 f5 5. O-O Nf6 6. d4 Nbd7 7. Nc3 c6 8. dxe5 dxe5 9. e4 fxe4 10. Ng5 O-O 11. Ngxe4 Nxe4 12. Nxe4 Nf6 13. Qe2 Qc7 14.
Bd2 Bf5 15. Bc3 Rae8 16. Rfe1 Nxe4 17. Bxe4 Bc5 18. Rf1 Qb6 19. Bxf5 Rxf5 20. Kg2 Ref8 21. f3 Bd4 22. Bxd4 Qxd4 23. Rad1 Qc5 24. Qe4 Qb4 25. b3 Qa3 26. Rf2 a5 27. Rd3 a4 28.
bxa4 Qxa4 29. Rfd2 h6 30. Rd8 Qa5 31. Qxf5 Qxd2+ 32. Rxd2 Rxf5 33. Rb2 Rf7 34. Kf2 Rd7 35. Ke3 Kf7 36. Ke4 Ke6 37. c5 Rf7 38. Rd2 b5 39. Rd6+ Ke7 40. Rxc6 Kd7 41. Rb6 Rf8 42. Kd5 Ra8 43.
Rb7+ Kc8 44. Rxg7 Rxa2 45. c6 Rxh2 46. Kc5 Rf2 47. Kb6 Kd8 48. Rg8+ Ke7 49. c7 Rc2 50. c8=Q Rxc8 51. Rxc8 Kd6 52. Kxb5 Kd5 53. Rd8+ Ke6 54. Kc4 Kf5 55. Rf8+ Kg5 56. Kd3 h5 57. Ke4 h4 58.
Rg8+ Kf6 59. gxh4 1-0

[Event "*** Titled Tuesday Blitz"]
[Site "Chess.com"]
[Date "2021.04.06"]
[Round "2"]
[White "ExtremeLearner"]
[Black "WiktoriaPOL"]
[Result "1-0"]
[WhiteElo "2380"]
[BlackElo "2038"]
[TimeControl "180+1"]
[EndTime "10:18:40 PDT"]
[Termination "ExtremeLearner won on time"]

1. d4 d5 2. Bf4 Nf6 3. e3 c5 4. c3 Nc6 5. Nd2 Bf5 6. Ngf3 Qb6 7. Qb3 c4 8. Qxb6 axb6 9. a3 b5 10. Rc1 e6 11. Nh4 Bg6 12. Nxg6 hxg6 13. h3 Be7 14. Be2 Nd7 15. Bd1 f6 16. Bc2 Kf7 17. O-O g5 18. Bh2 f5 19. f3 Rh6 20. e4 f4 21. Rfe1 Nf6 22. e5 Nd7 23.
Nf1 Rhh8 24. Kf2 Rh6 25. Nd2 Nb6 26. Bd1 Na4 27. Rc2 g6 28. Nb1 Kg7 29. Rce2 Kf7 30.
Rh1 Kg7 31. Kf1 Rah8 32. Bg1 Kf7 33. Bf2 Kg7 34. Be1 Kf7 35. Rc2 Kg7 36. Bd2 Kf7 37. Bc1 Kg7 38. Rf2 Kf7 39. Ke1 Kg7 40. Rff1 Kf7 41.
Rh2 Kg7 42. Rfh1 Kf7 43. Kf2 Kg7 44. g3 Kf7 45. Nd2 Kg7 46. Nf1 Kf7 47. Kg1 Kg7 48. gxf4 gxf4 49. Bxf4 Nxb2 50. Rxb2 Rxh3 51. Rxh3 Rxh3 52.
Kg2 Rh4 53. Bg3 Rh5 54. Rxb5 1-0

[Event "*** Titled Tuesday Blitz"]
[Site "Chess.com"]
[Date "2021.04.06"]
[Round "2"]
[White "moro182"]
[Black "jens1102"]
[Result "1-0"]
[WhiteElo "2732"]
[BlackElo "2502"]
[TimeControl "180+1"]
[EndTime "10:18:41 PDT"]
[Termination "moro182 won by resignation"]

1. d4 d5 2. c4 c6 3. Nc3 Nf6 4. Nf3 e6 5. Bg5 h6 6. Bh4 dxc4 7. e4 g5 8. Bg3 b5 9. Be2 Nbd7 10. Qc2 Bb7 11. Rd1 Be7 12. h4 g4 13. Ne5 h5 14.
O-O Nxe5 15. Bxe5 O-O 16. f3 Nd7 17. Bf4 g3 18. Bxg3 Bxh4 19. Bh2 f5 20. f4 Qe8 21. Bf3 Qg6 22. Qe2 Nf6 23. d5 b4 24. exf5 exf5 25.
dxc6 bxc3 26. cxb7 Rae8 27. Qxc4+ Kh7 28. Qc7+ Kh6 29. Qxc3 Ne4 30. Qc7 Qb6+ 31. Qxb6+ axb6 32. Rd7 Bf6 33. b3 Be7 34. Bxe4 fxe4 35. f5 Bc5+ 36. Kh1 Be3 37. Re1 Bg5 38. b8=Q Rxb8 39. Bxb8 Rxb8 40.
Rxe4 Rf8 41. Re6+ Bf6 42. Rdd6 Kg5 43. Rxb6 Kxf5 44. Rxf6+ Rxf6 45. Rxf6+ Kxf6 46. Kh2 Ke5 47. Kh3 Kd5 1-0

[Event "*** Titled Tuesday Blitz"]
[Site "Chess.com"]
[Date "2021.04.06"]
[Round "2"]
[White "atwalcb"]
[Black "Raud100"]
[Result "1-0"]
[WhiteElo "2481"]
[BlackElo "2262"]
[TimeControl "180+1"]
[EndTime "10:18:41 PDT"]
[Termination "atwalcb won by resignation"]

1. d4 d5 2. c4 c6 3. Nc3 Nf6 4. Bg5 Ne4 5. Bd2 Bf5 6. f3 Nxd2 7. Qxd2 e6 8. e4 Bg6 9. Bd3 dxe4 10. Bxe4 Nd7 11. Nge2 Nf6 12. Bxg6 hxg6 13. O-O-O Qa5 14. Kb1 O-O-O 15. Ne4 Qxd2 16. Rxd2 Rd7 17. a3 Bd6 18. Nxd6+ Rxd6 19. Kc2 Kc7 20. Kc3 Rhd8 21. Rhd1 b5 22. b3 a5 23. h3 a4 24. bxa4 bxc4 25. Kxc4 Nd5 26. Rd3 Ra8 27. Kb3 Rdd8 28. Nc3 Rdb8+ 29. Ka2 Nxc3+ 30. Rxc3 Rxa4 31. Rdc1 Rb6 32. Rc4 Ra5 33. a4 Kd6 34. Ka3 e5 35. Rc5 Rba6 36. dxe5+ Ke6 37.
Rxc6+ Kxe5 38. Rxa6 Rxa6 39. Kb4 Rb6+ 40. Kc5 Rb2 41. a5 Rxg2 42. a6 Ra2 43. Kb6 Kf4 44. Rc7 f5 45. Rxg7 g5 46. a7 Kxf3 47. Rxg5 f4 48. Ra5 1-0

[Event "*** Titled Tuesday Blitz"]
[Site "Chess.com"]
[Date "2021.04.06"]
[Round "2"]
[White "Sueetin"]
[Black "mr65"]
[Result "1-0"]
[WhiteElo "2410"]
[BlackElo "2137"]
[TimeControl "180+1"]
[EndTime "10:18:41 PDT"]
[Termination "Sueetin won by resignation"]

1. d4 Nf6 2. c4 g6 3. Nc3 Bg7 4. e4 d6 5. h3 O-O 6. Be3 c5 7. d5 a6 8. a4 e6 9. Bd3 exd5 10. exd5 Re8 11. Nf3 Nbd7 12. O-O Ne5 13. Nxe5 Rxe5 14. Bf4 Re8 15. Qd2 Rb8 16. Rae1 Rxe1 17. Rxe1 Qf8 18. g4 Bd7 19. Kg2 Re8 20. Ra1 h5 21. f3 hxg4 22.
hxg4 Nh7 23. Rh1 Be5 24. Bh6 Bg7 25. Ne4 f5 26. Bxg7 Qxg7 27. Nxd6 Rf8 28. g5 f4 29. Ne4 Bf5 30. Qc3 Bxe4 31. Bxe4 Qxc3 32. bxc3 Nxg5 33.
Bxg6 Kg7 34. Be4 Nxe4 35. fxe4 f3+ 36. Kf2 Kf6 37. Rh5 Ke7 38. e5 b5 39. axb5 axb5 40.
cxb5 c4 41. Rh7+ Kd8 42. e6 Rf6 43. b6 Kc8 44. Rc7+ Kd8 45. Rd7+ Kc8 46. b7+ Kb8 47. e7 1-0

[Event "*** Titled Tuesday Blitz"]
[Site "Chess.com"]
[Date "2021.04.06"]
[Round "2"]
[White "DrVelja"]
[Black "eldur16"]
[Result "1-0"]
[WhiteElo "2876"]
[BlackElo "2555"]
[TimeControl "180+1"]
[EndTime "10:18:42 PDT"]
[Termination "DrVelja won by resignation"]

1. e4 Nf6 2. e5 Nd5 3. d4 d6 4. Nf3 Bg4 5. Be2 e6 6. O-O Be7 7. h3 Bh5 8. c4 Nb6 9. b3 O-O 10. Nc3 N8d7 11. exd6 cxd6 12. Be3 Nf6 13. Rc1 a5 14. a3 d5 15. c5 Nbd7 16. b4 axb4 17. axb4 Ne4 18. b5 Qa5 19. Nxe4 dxe4 20. Nd2 Bxe2 21.
Qxe2 f5 22. Bf4 Nf6 23. Be5 Nd5 24.
b6 Qa2 25. c6 bxc6 26. b7 Rae8 27. Rxc6 Bg5 28. Qc4 Qxd2 29. Rxe6 Rxe6 30. Qxd5 e3 31.
Qxe6+ Kh8 32. b8=Q Rxb8 33. Bxb8 exf2+ 34. Kh1 h6 35.
Qxf5 Qxd4 36. Qxf2 Qc4 37. Qf8+ Kh7 38. Be5 1-0

[Event "*** Titled Tuesday Blitz"]
[Site "Chess.com"]
[Date "2021.04.06"]
[Round "2"]
[White "Zq1"]
[Black "GoltsevDmitry2000"]
[Result "1-0"]
[WhiteElo "2526"]
[BlackElo "2731"]
[TimeControl "180+1"]
[EndTime "10:18:42 PDT"]
[Termination "Zq1 won by checkmate"]

1. d4 Nf6 2. c4 e6 3. Nc3 Bb4 4. e3 Qe7 5. Bd3 b6 6. Ne2 Bb7 7. O-O O-O 8. f3 Bxc3 9. Nxc3 d6 10. e4 e5 11. d5 a5 12. b3 Na6 13. Be3 Nd7 14. a3 Ndc5 15. Bc2 g6 16. Rb1 f5 17. exf5 gxf5 18. b4 axb4 19. axb4 Nd7 20. Kh1 Kh8 21.
g4 f4 22. Bf2 Nf6 23. Qd3 Qg7 24. Rg1 Rae8 25. Ne4 Nxe4 26. Qxe4 Bc8 27. Ba4 Re7 28. Bb5 Nb8 29. c5 bxc5 30. bxc5 Nd7 31. Bxd7 Bxd7 32. cxd6 cxd6 33. Bh4 Ref7 34. Rb6 Rg8 35.
Rxd6 Bf5 36. Qe1 Bg6 37. Re6 e4 38. fxe4 f3 39. Bf2 Rgf8 40. Qd2 Kg8 41. Bd4 f2 42. Bxg7 fxg1=Q+ 43.
Kxg1 Kxg7 44. d6 Rd7 45. e5 Rfd8 46. Qd4 Kg8 47. Rf6 Rb8 48. Rxg6+ hxg6 49. e6 Rb1+ 50. Kg2 Rdb7 51. d7 R7b2+ 52. Kg3 Rb3+ 53. Kh4 g5+ 54. Kxg5 Kh7 55. d8=Q Rb5+ 56. Q8d5 Rxd5+ 57. Qxd5 Re1 58. Qf5+ Kh8 59. e7 Rxe7 60. Qf8+ Kh7 61. Qxe7+ Kh8 62. Kg6 Kg8 63. Qe8# 1-0

[Event "*** Titled Tuesday Blitz"]
[Site "Chess.com"]
[Date "2021.04.06"]
[Round "2"]
[White "mamonika"]
[Black "noblerone"]
[Result "0-1"]
[WhiteElo "2040"]
[BlackElo "2383"]
[TimeControl "180+1"]
[EndTime "10:18:42 PDT"]
[Termination "noblerone won on time"]

1. e4 c5 2. Nf3 e6 3. d4 cxd4 4. Nxd4 Qb6 5. Nc3 Bc5 6. Be3 Nc6 7. Ncb5 a6 8. Nxc6 Qxc6 9. Bxc5 Qxc5 10. Nd6+ Ke7 11. Nc4 b5 12. Ne3 Qb4+ 13. Qd2 Qxd2+ 14. Kxd2 Bb7 15. Bd3 d6 16. c4 Nf6 17. f3 b4 18.
Nc2 a5 19. Nd4 Nd7 20. a3 Nc5 21.
Ke3 g6 22. Rhd1 Rhd8 23. Be2 e5 24. Nb5 f5 25. exf5 gxf5 26. axb4 axb4 27. Rxa8 Bxa8 28. Nc7 Bc6 29. Nd5+ Bxd5 30. cxd5 Ra8 31. Kd2 h6 32.
Bc4 f4 33. Re1 Kf6 34. g3 fxg3 35. hxg3 Rg8 36. Rh1 Kg7 37. Rh4 Rf8 38. Ke3 Rc8 39. b3 Nd7 40. f4 Ra8 0-1

[Event "*** Titled Tuesday Blitz"]
[Site "Chess.com"]
[Date "2021.04.06"]
[Round "2"]
[White "bazar-wokzal"]
[Black "Zhigalko_Sergei"]
[Result "1/2-1/2"]
[WhiteElo "2574"]
[BlackElo "2919"]
[TimeControl "180+1"]
[EndTime "10:18:43 PDT"]
[Termination "Game drawn by agreement"]

1. e4 c5 2. c3 Nf6 3. e5 Nd5 4. d4 cxd4 5. cxd4 Nc6 6. Nc3 e6 7. Nf3 d6 8. Bc4 Nxc3 9. bxc3 dxe5 10. Nxe5 Nxe5 11. dxe5 Qxd1+ 12. Kxd1 Bd7 13. Rb1 O-O-O 14. Ke2 Bc6 15. f3 Bc5 16. Be3 Bxe3 17. Kxe3 Kc7 18. Rhd1 Rd7 19. Rxd7+ Bxd7 20. Bd3 Rc8 21. Bxh7 g6 22.
Rb4 Rh8 23. Rh4 Kd8 24. Kf4 Ke7 25. Kg5 Rc8 26. Rb4 b6 27. c4 Rc5 28. f4 Ra5 29.
Rb2 Ra4 30. Rc2 Bc6 31. h4 Be4 32. Rd2 Rxc4 33. g4 Bd5 34. h5 gxh5 35. gxh5 Rc1 36. Rh2 Rg1+ 37. Kh4 f5 38. exf6+ Kxf6 39. h6 Bf3 40. Bd3 Rg4+ 41. Kh3 Rxf4 42. h7 Kg7 43. Rc2 Be4 44. Rc7+ Kh8 45. Bxe4 Rxe4 46. Rxa7 e5 47.
Kg3 Rc4 48. Kf3 Rh4 49. Rb7 Ra4 50. Rxb6 Kxh7 51. Re6 Rxa2 52. Rxe5 Ra3+ 1/2-1/2

[Event "*** Titled Tuesday Blitz"]
[Site "Chess.com"]
[Date "2021.04.06"]
[Round "2"]
[White "gahryman"]
[Black "Stormeman100100"]
[Result "1-0"]
[WhiteElo "2758"]
[BlackElo "2515"]
[TimeControl "180+1"]
[EndTime "10:18:43 PDT"]
[Termination "gahryman won on time"]

1. e4 e5 2. Nf3 Nc6 3. Bc4 Nf6 4. d3 Bc5 5. O-O d6 6. c3 a6 7. Bb3 Ba7 8. Nbd2 O-O 9. h3 h6 10. Re1 Re8 11. Nf1 Be6 12. Bc2 d5 13. exd5 Bxd5 14. Ng3 Qd7 15. Nh4 Rad8 16. Nhf5 Bc5 17. b4 Bf8 18. a4 b5 19. axb5 axb5 20. Be3 Ne7 21. Nxe7+ Bxe7 22. Qe2 Bd6 23. Ne4 Nxe4 24. dxe4 Bc4 25.
Bd3 Bxd3 26. Qxd3 Qc6 27. Qd5 Qxc3 28. Qxb5 Qxb4 29. Qc6 Qb3 30. Rec1 Re6 31. Qc4 Qxc4 32. Rxc4 Rb8 33. g4 Kh7 34. Ra7 Rb5 35. Kg2 g6 36. Ra8 Kg7 37. h4 Re7 38. g5 hxg5 39. hxg5 Rd7 40. Rc1 c5 41. Rd1 Rbb7 42. Rc8 Be7 43. Ra1 Rd8 44. Rc6 Rd6 45. Rxc5 Re6 46. Rc8 1-0

[Event "*** Titled Tuesday Blitz"]
[Site "Chess.com"]
[Date "2021.04.06"]
[Round "2"]
[White "AttilaTurzo"]
[Black "kai_nov"]
[Result "1-0"]
[WhiteElo "2499"]
[BlackElo "2267"]
[TimeControl "180+1"]
[EndTime "10:18:44 PDT"]
[Termination "AttilaTurzo won on time"]

1. d4 d5 2. Bf4 Nf6 3. e3 c5 4. c3 Qb6 5. Qb3 c4 6. Qc2 g6 7. Nd2 Bf5 8. Qc1 Bg7 9. b3 cxb3 10. axb3 O-O 11. Ngf3 Rc8 12. Qb2 Nbd7 13. Be2 Nh5 14. O-O Nxf4 15. exf4 a6 16. g3 Rc7 17. Rfc1 Rac8 18.
b4 f6 19. Nb3 e5 20. Nc5 exf4 21. Nd2 fxg3 22. hxg3 Nxc5 23. dxc5 Rxc5 24. Nb3 R5c7 25.
Qd2 Be4 26. Nc5 f5 27. f3 Rxc5 28. bxc5 Qxc5+ 29. Kg2 Bxc3 30. Qf4 Qf8 31. Ra2 Bg7 32. fxe4 dxe4 33. Rac2 Rd8 34. Bc4+ Kh8 35. Be6 Bh6 36. Qe5+ Bg7 37. Qa5 f4 38. Rc8 f3+ 39. Kf1 e3 40. Rxd8 e2+ 41. Ke1 f2+ 42. Kxe2 Qxd8 43. Qxd8+ 1-0